 Dungeon Crawl Stone Soup version 0.30.1-11-g7821555f0a (webtiles) character file.

Game seed: 10217714817742584488

301966 Condegh the Wrestler (level 20, -1/215 HPs)
             Began as a Troll Monk on Jan 1, 2024.
             Was the Champion of Wu Jian.
             Slain by a vault warden
             ... wielding a +5 heavy war axe
              (26 damage)
             ... on level 1 of the Vaults on Jan 2, 2024.
             The game lasted 05:01:14 (35642 turns).

Condegh the Wrestler (Troll Monk)                  Turns: 35642, Time: 05:01:15

Health: -1/215     AC:  9    Str: 30    XL:     20   Next: 20%
Magic:  23/23      EV: 13    Int: 12    God:    Wu Jian [******]
Gold:   3347       SH: 19    Dex: 12    Spells: 19/25 levels left

rFire   + .          .
                       - Unarmed
rCold   + . .        X - +1 kite shield {AC+3}
rNeg    . . .        f - +2 robe {Will+}
rPois   .            (helmet restricted)
rElec   .            q - scarf {rC+ rF+}
rCorr   .            (gloves unavailable)
SInv    .            (boots unavailable)
Will    +++..        Y - amulet of reflection
Stlth   +            O - ring of willpower
HPRegen 1.35/turn    w - +6 ring of strength
MPRegen 0.18/turn

%: reflection
@: exhausted, about to teleport
A: large, unfitting armour, claws 3, regeneration 1, shaggy fur 1, tough skin 1
}: 2/15 runes: serpentine, barnacled
a: Renounce Religion, Wall Jump, Serpent's Lash, Heavenly Storm


You were on level 1 of the Vaults.
You worshipped Wu Jian.
Wu Jian was exalted by your worship.
You visited 8 branches of the dungeon, and saw 35 of its levels.
You also visited: Ice Cave.

You collected 5542 gold pieces.
You spent 2195 gold pieces at shops.

Inventory:

Hand Weapons
 n - the +7 broad axe "Sarcophage" {protect, *Rage +Blink rElec rF+}
   (You took it off a deep elf elementalist on level 3 of the Elven Halls)

   rF:        It protects you from fire.
   rElec:     It insulates you from electricity.
   +Blink:    It lets you blink.
   *Rage:     It berserks you when you make melee attacks (+20% chance).
Armour
 b - a +1 robe of resistance
 c - an orb of light
 f - a +2 robe of willpower (worn)
 j - a +1 robe of positive energy
 q - a scarf of resistance (worn)
 y - a +2 kite shield of reflection
 I - the +10 tower shield of Ignorance {rN+ Int-4}
   (You found it on level 2 of the Orcish Mines)

   Int:       It affects your intelligence (-4).
   rN:        It protects you from negative energy.
 X - a +1 kite shield of protection (worn)
Jewellery
 s - a ring of willpower
 t - the ring "Soevveh" {Ice +Blink Fly Str-4 Int+3}
   (You bought it in a shop on level 2 of the Orcish Mines)

   [ring of ice]

   It enhances your ice magic.
   Str:       It affects your strength (-4).
   Int:       It affects your intelligence (+3).
   rF:        It makes you vulnerable to fire.
   rC:        It protects you from cold.
   Fly:       It grants you flight.
   +Blink:    It lets you blink.
 v - the ring of Liugu {rElec rF++ rN+}
   (You bought it in a shop on level 2 of the Orcish Mines)

   [ring of positive energy]

   rF:        It greatly protects you from fire.
   rElec:     It insulates you from electricity.
   rN:        It protects you from negative energy.
 w - a +6 ring of strength (right claw)
 x - an amulet of magic regeneration
 B - a ring of willpower
 D - a ring of positive energy
 J - the ring "Roujex" {Int+6 Dex+5}
   (You took it off a deep elf master archer on level 3 of the Elven Halls)

   [ring of intelligence]

   Int:       It affects your intelligence (+6).
   Dex:       It affects your dexterity (+5).
 N - the ring of Icreiwe {rF+ rC+ Str-2 Dex+3}
   (You found it on level 11 of the Dungeon)

   [ring of protection from cold]

   Str:       It affects your strength (-2).
   Dex:       It affects your dexterity (+3).
   rF:        It protects you from fire.
   rC:        It protects you from cold.
 O - a ring of willpower (left claw)
 Y - an amulet of reflection (around neck)
Wands
 z - a wand of iceblast (23)
 F - a wand of acid (9)
 G - a wand of flame (19)
 K - a wand of digging (12)
Scrolls
 d - 5 scrolls of fog
 e - 15 scrolls of teleportation
 g - 6 scrolls of enchant weapon
 p - 5 scrolls of enchant armour
 A - 3 scrolls of fear
 L - 7 scrolls of blinking
 M - 4 scrolls of butterflies
 R - 3 scrolls of magic mapping
 W - 3 scrolls of silence
Potions
 a - 3 potions of berserk rage
 h - 10 potions of lignification
 i - 10 potions of flight
 k - 4 potions of mutation
 l - 5 potions of heal wounds
 o - 15 potions of curing
 r - 3 potions of cancellation
 u - 2 potions of invisibility
 C - 3 potions of might
 E - 6 potions of haste
 P - 2 potions of brilliance
 S - 4 potions of resistance
 U - a potion of ambrosia
Miscellaneous
 H - a lightning rod (4/4)
 Q - a condenser vane
 T - a box of beasts
 V - a piece from Xom's chessboard (15/15)
 Z - a phantom mirror


   Skills:
 - Level 16.3 Fighting
 - Level 9.9 Dodging
 - Level 15.2 Shields
 - Level 23.6 Unarmed Combat
 - Level 3.3 Spellcasting
 + Level 6.8 Transmutations
 + Level 8.2 Earth Magic


You had 19 spell levels left.
You knew the following spells:

 Your Spells              Type           Power      Damage    Failure   Level
a - Statue Form           Tmut/Erth      13%        N/A       92%         6

Your spell library contained the following spells:

 Spells                   Type           Power      Damage    Failure   Level
 Sting                    Tmut/Pois      40%        1d5       8%          1
 Lee's Rapid Deconstruct  Erth           10%        3d8*      30%         5
 Apportation              Tloc           2%         N/A       32%         1
 Magic Dart               Conj           4%         1d3       32%         1
 Necrotise                Necr           4%         1d4       32%         1
 Slow                     Hex            4%         N/A       32%         1
 Summon Small Mammal      Summ           4%         N/A       32%         1
 Lesser Beckoning         Tloc           2%         N/A       45%         2
 Poisonous Vapours        Pois/Air       2%         N/A       45%         2
 Searing Ray              Conj           2%         2d4       45%         2
 Blade Hands              Tmut           9%         N/A       47%         5
 Leda's Liquefaction      Hex/Erth       5%         N/A       52%         4
 Call Canine Familiar     Summ           1%         N/A       69%         3
 Confusing Touch          Hex            1%         N/A       69%         3
 Dazzling Flash           Conj/Hex       2%         N/A       69%         3
 Gell's Gravitas          Tloc           1%         N/A       69%         3
 Ozocubu's Armour         Ice            1%         N/A       69%         3
 Summon Guardian Golem    Hex/Summ       1%         N/A       69%         3
 Teleport Other           Tloc           1%         N/A       69%         3
 Vampiric Draining        Necr           1%         2d6       69%         3
 Vhi's Electric Charge    Tloc/Air       2%         N/A       69%         3
 Volatile Blastmotes      Fire/Tloc      2%         2d10      69%         3
 Fulminant Prism          Conj/Hex       0%         3d5       97%         4
 Iskenderun's Mystic Bla  Conj/Tloc      1%         2d3       97%         4
 Manifold Assault         Tloc           1%         N/A       97%         4
 Summon Ice Beast         Ice/Summ       1%         N/A       97%         4
 Summon Lightning Spire   Summ/Air       1%         N/A       97%         4
 Agony                    Necr           1%         N/A       100%        5
 Arcjolt                  Conj/Air       0%         1d10      100%        5
 Freezing Cloud           Conj/Ice/Air   0%         6-21      100%        5
 Iskenderun's Battlesphe  Conj           1%         2d6       100%        5
 Silence                  Hex/Air        0%         N/A       100%        5
 Summon Mana Viper        Hex/Summ       1%         N/A       100%        5
 Dispersal                Tloc           0%         N/A       100%        6
 Iron Shot                Conj/Erth      5%         9d2       100%        6
 Plasma Beam              Fire/Air       0%         2x1d11    100%        6
 Starburst                Conj/Fire      0%         6d3       100%        6
 Summon Cactus Giant      Summ           0%         N/A       100%        6
 Dragon Form              Tmut           9%         N/A       100%        7
 Enfeeble                 Hex            0%         N/A       100%        7
 Monstrous Menagerie      Summ           0%         N/A       100%        7
 Orb of Destruction       Conj           0%         9d5       100%        7
 Ozocubu's Refrigeration  Ice            0%         4d7       100%        7
 Spellforged Servitor     Conj/Summ      0%         N/A       100%        7
 Storm Form               Tmut/Air       5%         N/A       100%        7
 Disjunction              Tloc           0%         N/A       100%        8
 Maxwell's Capacitive Co  Air            0%         ∞         100%        8


Dungeon Overview and Level Annotations

Branches:
Dungeon (15/15)            Temple (1/1) D:5            Lair (5/5) D:10
 Shoals (4/4) Lair:3        Snake (4/4) Lair:3        Slime (0/5) Lair:4
    Orc (2/2) D:11            Elf (3/3) Orc:2        Vaults (1/5) D:13
 Depths (0/4) D:15          IceCv (visited)

Altars:
Ashenzari
Cheibriados
Dithmenos
Elyvilon
Fedhas
Gozag
Hepliaklqana
Kikubaaqudgha
Makhleb
Nemelex Xobeh
Okawaru
Qazlal
Ru
Sif Muna
Trog
Uskayaw
Vehumet
Wu Jian
Xom
Yredelemnul
Zin
The Shining One
Jiyva

Shops:
D:4 ?   D:6 =   D:8 [   Orc:2 =(=?   Elf:2 (*((?   Shoals:1 ![:   Shoals:4 (
Snake:2 =   Snake:3 ?*:

Portals:
Abyss: D:14

Annotations:
D:12 2 transporters, tykejmi's ghost, journeyman MiFi
D:14 2 transporters, bimbombam's ghost, journeyman TrFi
Shoals:4 2 transporters, cloudzero's ghost, adept MiBe
Orc:2 1 runed translucent door, exclusion: 4 orange crystal statues


Innate Abilities, Weirdness & Mutations

You are too large for most types of armour.
You have claws for hands.
Your natural rate of healing is unusually fast.
You are covered in fur. (AC +1)
You have tough skin. (AC +1)


Message History

The sea snake is heavily wounded.
You feel extremely sick.
The orc warlord hits you with a +0 battleaxe.
The vault warden hits you with a +5 heavy war axe!!
You spin and attack the vault warden repeatedly.
The vault warden blocks your attack.
The vault warden is heavily wounded.
The vault warden blocks your attack.
The vault warden is heavily wounded.
You spin and attack the orc warlord repeatedly.
You scratch the orc warlord.
The orc warlord is almost dead.
You scratch the orc warlord but do no damage.
The orc warlord is almost dead.
You feel extremely sick. You block the orc warlord's attack.
You block the vault warden's attack.
As you read the scroll of teleportation, it crumbles to dust.
You feel strangely unstable.
You feel extremely sick.
The orc warlord hits you with a +0 battleaxe!!
* * * LOW HITPOINT WARNING * * *
You feel better.
The orc warlord hits you with a +0 battleaxe!
* * * LOW HITPOINT WARNING * * *
The golden dragon bites you.
* * * LOW HITPOINT WARNING * * *
You block the golden dragon's attack.
The golden dragon tramples you but does no damage.
The vault warden hits you with a +5 heavy war axe!
* * * LOW HITPOINT WARNING * * *
You feel much better.
The orc warlord hits you with a +0 battleaxe!!
* * * LOW HITPOINT WARNING * * *
You block the golden dragon's attack. The golden dragon claws you.
* * * LOW HITPOINT WARNING * * *
The golden dragon tramples you.
* * * LOW HITPOINT WARNING * * *
You hold your ground!
The vault warden hits you with a +5 heavy war axe!!
You die...

###########################
...........................
...........................
..........###########......
.#######..##### ###......
#..##!)###..##......
#..##$......##......
#.###J).....##.....)
#.+@pS.###=.##......
#.#Do..#{#[.##......
#.#cc..###).##......
#.###.......##......
#..##$......##......
#..##$$###..##......
#..##### ####......
#..###########......
#...................


You could see an orc warlord, a golden dragon, a vault warden, a yaktaur
captain, a sea snake, a slime creature and a yaktaur.

Vanquished Creatures
  Bai Suzhen (Snake:4)
  Jorgrun (Snake:3)
  Rupert (D:13)
  4 deep elf master archers (Elf:3)
  The ghost of bimbombam the Executioner, an adept HOFi of Okawaru (Elf:2)
  3 deep elf blademasters
  The ghost of Otuothe the Devastator, an adept DgCj (Shoals:3)
  5 nagarajas
  Donald (Shoals:2)
  7 deep elf sorcerers (Elf:3)
  The ghost of Gabide the Devastator, a journeyman DgCj (Shoals:1)
  2 frost giants (IceCv)
  Aizul (Snake:1)
  2 ironbound preservers (Vaults:1)
  5 deep elf elementalists (Elf:3)
  A very ugly thing (Vaults:1)
  A stone giant (D:10)
  A deep elf demonologist (Elf:1)
  8 deep elf annihilators (Elf:3)
  A white draconian (IceCv)
  A dire elephant (Lair:5)
  The ghost of tadhg the Severer, a journeyman MiBe of Trog (Shoals:1)
  5 merfolk javelineers
  6 merfolk impalers
  4 deep elf death magi (Elf:3)
  Snorg (Orc:1)
  2 great orbs of eyes (Vaults:1)
  A yaktaur captain (Vaults:1)
  Josephine (Orc:1)
  Harold (D:10)
  4 deep elf high priests
  6 salamander tyrants
  9 ice dragons
  7 hydras
  An ogre mage (D:10)
  7 ironbound frosthearts
  9 anacondas
  2 merfolk avatars
  2 catoblepae (Lair:5)
  7 centaur warriors
  3 two-headed ogres
  34 dancing weapons
  6 boulder beetles
  Erica (D:10)
  4 merfolk aquamancers
  15 naga warriors
  4 tengu warriors
  8 death yaks
  13 naga sharpshooters
  19 deep elf knights
  3 orc high priests (Orc:2)
  Sonja (Lair:1)
  8 shock serpents
  5 skysharks
  4 salamander mystics
  23 sea snakes
  8 skeletal warriors
  A kraken simulacrum (Shoals:4)
  8 deep trolls (Vaults:1)
  A wizard (D:14)
  12 deep elf archers
  4 ironbound convokers (Vaults:1)
  A glowing orange brain (Vaults:1)
  10 naga ritualists
  34 deep elf pyromancers
  A lindwurm (shapeshifter) (Elf:3)
  27 deep elf zephyrmancers
  An orange crystal statue (IceCv)
  2 lindwurms
  6 orc knights
  3 mana vipers
  16 harpies
  A salamander (shapeshifter) (D:14)
  5 orc sorcerers (Orc:2)
  24 ugly things
  15 salamanders
  7 fauns (Shoals:1)
  11 cyclopes
  15 naga magi
  3 guardian serpents
  18 elephants
  19 manticores
  8 water nymphs
  A vault sentinel (Vaults:1)
  11 merfolk sirens
  2 gargoyles
  23 black mambas
  Maggie (D:10)
  12 cane toads
  10 rime drakes
  2 unseen horrors
  A freezing wraith (D:10)
  6 komodo dragons
  2 tengu conjurers (D:13)
  An efreet (D:14)
  8 trolls
  28 merfolk
  6 wind drakes
  11 polar bears
  A hornet (D:9)
  9 snapping turtles
  3 blink frogs (Lair:5)
  13 dream sheep
  4 air elementals
  24 slime creatures
  A spriggan (Lair:4)
  11 water elementals
  5 wraiths
  44 yaks
  2 vampires
  4 fire elementals
  8 wyverns
  A steam dragon (D:7)
  6 basilisks
  8 vampire mosquitoes
  3 wargs
  33 nagas
  16 water moccasins
  3 acid dragons
  A floating eye (shapeshifter) (Elf:3)
  A sky beast (D:7)
  13 orc warriors
  4 ice beasts
  2 black bears
  6 wolves
  3 ogres
  4 centaurs
  2 phantoms
  18 bullfrogs
  4 kobold brigands
  3 earth elementals
  8 scorpions
  8 wights
  4 howler monkeys
  3 electric eels
  A lava snake (Snake:2)
  A hound (D:5)
  10 orc priests
  Crazy Yiuf (D:7)
  Terence (D:2)
  A gnoll bouda (Orc:1)
  A jelly (D:5)
  Jessica (D:3)
  An iguana (D:5)
  3 sleepcaps
  24 orc wizards
  Robin (D:3)
  9 adders
  8 gnolls
  2 shadow imps
  A white imp (D:5)
  3 ufetubi
  A worm (D:3)
  2 dart slugs
  51 orcs
  3 ball pythons
  8 endoplasms
  3 giant cockroaches
  16 goblins
  7 hobgoblins
  7 jackals
  26 kobolds
  4 quokkas
  11 bats
  4 frilled lizards
  3 rats (D:1)
  A spectral hobgoblin (D:9)
  A tentacle (Shoals:4)
1162 creatures vanquished.

Vanquished Creatures (others)
  A merfolk aquamancer (Shoals:4)
  3 deep elf knights
  A deep elf archer (Elf:3)
  A naga (Snake:4)
  An orc (Orc:1)
  3 tentacles (Shoals:4)
10 creatures vanquished.

Grand Total: 1172 creatures vanquished

Notes
Turn   | Place    | Note
-------+----------+-------------------------------------------
     0 | D:1      | Condegh the Troll Monk began the quest for the Orb.
     0 | D:1      | Reached XP level 1. HP: 22/22 MP: 0/0
   226 | D:1      | Reached XP level 2. HP: 29/29 MP: 1/1
   501 | D:1      | You fall into a shaft and drop 1 floor!
   951 | D:2      | Reached XP level 3. HP: 36/36 MP: 2/2
  1140 | D:2      | Noticed Terence
  1156 | D:2      | Killed Terence
  1157 | D:2      | Reached skill level 4 in Unarmed Combat
  1237 | D:2      | Reached XP level 4. HP: 44/44 MP: 3/3
  1692 | D:3      | Found a radiant altar of Vehumet.
  1760 | D:3      | Noticed Robin
  1774 | D:3      | Killed Robin
  1842 | D:3      | Noticed Jessica
  1847 | D:3      | Reached XP level 5. HP: 48/53 MP: 4/4
  1866 | D:3      | Killed Jessica
  1867 | D:3      | Reached skill level 5 in Unarmed Combat
  2336 | D:4      | Reached XP level 6. HP: 43/61 MP: 5/5
  2398 | D:4      | Found Zeywegh's Magic Scroll Shoppe.
  2884 | D:5      | Entered Level 5 of the Dungeon
  2949 | D:5      | Noticed an ice beast
  2968 | D:5      | Killed an ice beast
  2975 | D:5      | Reached skill level 6 in Unarmed Combat
  3000 | D:5      | Reached XP level 7. HP: 60/68 MP: 6/6
  3065 | D:5      | Found a staircase to the Ecumenical Temple.
  3079 | Temple   | Entered the Ecumenical Temple
  3112 | Temple   | Became a worshipper of the Wu Jian Council
  3112 | Temple   | Reached * piety under Wu Jian
  3112 | Temple   | Reached ** piety under Wu Jian
  3590 | D:5      | Reached skill level 7 in Unarmed Combat
  3607 | D:5      | Reached XP level 8. HP: 74/79 MP: 7/7
  3773 | D:6      | Found Muud's Jewellery Shop.
  4008 | D:6      | Identified the +8 whip "Vynetar" {venom, *Slow rPois rC++
                  | Str+4}
  4090 | D:6      | Reached skill level 8 in Unarmed Combat
  4231 | D:6      | Reached skill level 5 in Fighting
  4231 | D:6      | Reached skill level 5 in Dodging
  5008 | D:6      | Reached XP level 9. HP: 82/88 MP: 8/8
  5144 | D:7      | Reached skill level 9 in Unarmed Combat
  5383 | D:7      | Reached *** piety under Wu Jian
  5463 | D:7      | Found a runed translucent door.
  5464 | D:7      | Noticed Crazy Yiuf
  5469 | D:7      | Killed Crazy Yiuf
  6063 | D:8      | Found Hamnim's Superior Scales.
  6072 | D:8      | Reached skill level 10 in Unarmed Combat
  6825 | D:9      | Reached XP level 10. HP: 97/98 MP: 9/9
  6852 | D:9      | Reached **** piety under Wu Jian
  6924 | D:9      | Found a shadowy altar of Dithmenos.
  7068 | D:9      | Paralysed by a hornet for 2 turns
  7072 | D:9      | Reached skill level 11 in Unarmed Combat
  7435 | D:9      | Found a hazy altar of Hepliaklqana.
  7549 | D:10     | Entered Level 10 of the Dungeon
  7617 | D:10     | Noticed Harold
  7627 | D:10     | Killed Harold
  7740 | D:10     | Noticed a two-headed ogre
  7749 | D:10     | Killed a two-headed ogre
  7750 | D:10     | Reached skill level 12 in Unarmed Combat
  7864 | D:10     | Noticed Maggie
  7869 | D:10     | Killed Maggie
  7881 | D:10     | Noticed Erica
  7895 | D:9      | Reached XP level 11. HP: 53/109 MP: 10/10
  7964 | D:10     | Killed Erica
  8064 | D:10     | Identified the +0 leather armour of Teedod {Fly}
  8177 | D:10     | Found a runed translucent door.
  8177 | D:10     | Noticed a red ugly thing
  8178 | D:10     | Noticed a boulder beetle
  8180 | D:10     | Killed a red ugly thing
  8207 | D:10     | Killed a boulder beetle
  8256 | D:10     | Noticed an orc knight
  8264 | D:10     | Killed an orc knight
  8292 | D:10     | Noticed an ogre mage
  8294 | D:10     | Noticed a stone giant
  8294 | D:10     | Killed an ogre mage
  8295 | D:10     | Reached skill level 13 in Unarmed Combat
  8305 | D:10     | Killed a stone giant
  8380 | D:10     | Noticed a purple ugly thing
  8381 | D:10     | Killed a purple ugly thing
  8381 | D:10     | Identified the +6 hand axe of Oziemeh {pain, Stlth+}
  8424 | D:10     | Found a staircase to the Lair.
  8565 | D:11     | Noticed a two-headed ogre
  8733 | D:11     | Noticed a white ugly thing
  8734 | D:11     | Killed a two-headed ogre
  8734 | D:11     | Reached skill level 14 in Unarmed Combat
  8740 | D:11     | Killed a white ugly thing
  8809 | D:11     | Found a staircase to the Orcish Mines.
  8907 | D:11     | Identified the ring of Icreiwe {rF+ rC+ Str-2 Dex+3}
  8952 | D:11     | Reached XP level 12. HP: 106/122 MP: 11/11
  8954 | D:11     | Noticed a boulder beetle
  8970 | D:11     | Killed a boulder beetle
  9342 | Lair:1   | Entered Level 1 of the Lair of Beasts
  9383 | Lair:1   | Noticed Sonja
  9387 | Lair:1   | Killed Sonja
 10227 | Lair:2   | Reached skill level 15 in Unarmed Combat
 10363 | Lair:2   | Noticed a six-headed hydra
 10369 | Lair:2   | Killed a six-headed hydra
 10389 | Lair:2   | Reached ***** piety under Wu Jian
 10640 | Lair:2   | Noticed an eight-headed hydra
 10649 | Lair:2   | Killed an eight-headed hydra
 11032 | Lair:3   | Noticed a six-headed hydra
 11041 | Lair:3   | Killed a six-headed hydra
 11146 | Lair:3   | Found a staircase to the Snake Pit.
 11199 | Lair:3   | Reached XP level 13. HP: 133/133 MP: 12/12
 11259 | Lair:3   | Reached skill level 16 in Unarmed Combat
 11309 | Lair:3   | Found a staircase to the Shoals.
 11402 | Lair:3   | Reached skill level 10 in Fighting
 12204 | Lair:4   | Identified the amulet of Heatuadam {Faith -Tele rPois Will+
                  | Int+3}
 12343 | Lair:4   | Identified the +1 sling of Corruption {speed, *Slow rPois
                  | rN++ Str-2}
 12355 | Lair:4   | Found a viscous altar of Jiyva.
 12355 | Lair:4   | Found a staircase to the Slime Pits.
 12827 | Lair:5   | Entered Level 5 of the Lair of Beasts
 12845 | Lair:4   | Reached skill level 17 in Unarmed Combat
 14214 | Lair:5   | Reached XP level 14. HP: 143/146 MP: 13/13
 14279 | Lair:5   | Reached skill level 18 in Unarmed Combat
 14282 | Lair:5   | Reached ****** piety under Wu Jian
 14985 | Orc:1    | Entered Level 1 of the Orcish Mines
 15039 | Orc:1    | You fall into a shaft and drop 1 floor!
 15039 | Orc:2    | Entered Level 2 of the Orcish Mines
 15068 | Orc:1    | Noticed Snorg
 15072 | Orc:1    | Noticed Josephine
 15075 | Orc:1    | Killed Snorg
 15106 | Orc:1    | Killed Josephine
 15345 | Orc:2    | Reached skill level 19 in Unarmed Combat
 15985 | Orc:2    | Found a staircase to the Elven Halls.
 16111 | Orc:2    | Found Ofoman's Magic Scroll Emporium.
 16263 | Orc:2    | Found Waetoale's Jewellery Boutique.
 16411 | Orc:2    | Bought a scroll of blinking for 97 gold pieces
 16414 | Orc:2    | Bought the ring "Soevveh" {Ice +Blink Fly Str-4 Int+3} for
                  | 546 gold pieces
 16414 | Orc:2    | Found Tuon's Weapon Boutique.
 16416 | Orc:2    | Found Enaun's Jewellery Emporium.
 16425 | Orc:2    | Bought the ring of Liugu {rElec rF++ rN+} for 721 gold
                  | pieces
 16486 | Orc:2    | Found a runed translucent door.
 16488 | Orc:2    | Found the +10 tower shield of Ignorance {rN+ Int-4}
 16496 | Orc:2    | Found a runed translucent door.
 16865 | D:12     | Found a transporter.
 16869 | D:12     | Found a transporter.
 16870 | D:12     | Found a bloodstained altar of Trog.
 16876 | D:12     | Noticed tykejmi's ghost (journeyman MiFi)
 17128 | D:12     | Reached skill level 1 in Shields
 17147 | D:12     | Reached XP level 15. HP: 101/158 MP: 14/14
 17677 | D:12     | Reached skill level 20 in Unarmed Combat
 17868 | D:13     | Found a blossoming altar of Fedhas.
 17962 | D:13     | Found a gate to the Vaults.
 18053 | D:13     | Noticed Rupert
 18066 | D:13     | Killed Rupert
 18787 | D:14     | Found a transporter.
 18798 | D:14     | Found a one-way gate to the infinite horrors of the Abyss.
 18804 | D:14     | Found a transporter.
 19170 | D:14     | Noticed bimbombam's ghost (journeyman TrFi)
 19213 | D:15     | Entered Level 15 of the Dungeon
 19299 | D:15     | Found a shimmering altar of Xom.
 19707 | D:15     | Reached skill level 5 in Shields
 19735 | D:15     | Reached skill level 21 in Unarmed Combat
 19864 | D:15     | Identified a scroll of acquirement
 19865 | D:15     | Acquired a manual of Fighting
 20153 | D:15     | Found a staircase to the Depths.
 20449 | Shoals:1 | Entered Level 1 of the Shoals
 20611 | Shoals:1 | Found a runed translucent gate.
 20611 | Shoals:1 | Found a runed translucent gate.
 20611 | Shoals:1 | Found a runed translucent gate.
 20612 | Shoals:1 | Noticed Gabide's ghost (journeyman DgCj)
 20613 | Shoals:1 | Noticed tadhg's ghost (journeyman MiBe)
 20719 | Shoals:1 | Killed tadhg's ghost
 20720 | Shoals:1 | Killed Gabide's ghost
 20868 | Shoals:1 | Reached XP level 16. HP: 170/170 MP: 15/15
 20936 | Shoals:1 | Found Ixeaphe's Distillery.
 20944 | Shoals:1 | Bought a potion of curing for 39 gold pieces
 20944 | Shoals:1 | Bought a potion of curing for 39 gold pieces
 20944 | Shoals:1 | Bought a potion of flight for 39 gold pieces
 20944 | Shoals:1 | Bought a potion of curing for 39 gold pieces
 20944 | Shoals:1 | Bought a potion of flight for 39 gold pieces
 20944 | Shoals:1 | Bought 2 potions of mutation for 208 gold pieces
 21122 | Shoals:1 | Found Mumykama's Book Shop.
 21136 | Shoals:1 | Found Xifiss's Antique Armour Shoppe.
 21782 | Shoals:2 | Noticed Donald
 21795 | Shoals:2 | Killed Donald
 22156 | Shoals:2 | Got the Secrets of Smouldering Generation
 22299 | Shoals:2 | Identified the +5 chain mail of Ignis's Grace {rCorr}
 22781 | Shoals:3 | Reached skill level 10 in Shields
 23299 | Shoals:3 | Found a runed translucent door.
 23301 | Shoals:3 | Found a shimmering altar of Xom.
 23301 | Shoals:3 | Noticed Otuothe's ghost (adept DgCj)
 23334 | Shoals:3 | Killed Otuothe's ghost
 23439 | Shoals:4 | Entered Level 4 of the Shoals
 23440 | Shoals:4 | Found Cuphurghe's Weapon Shop.
 24249 | Shoals:4 | Found a transporter.
 24252 | Shoals:4 | Noticed cloudzero's ghost (adept MiBe)
 24298 | Shoals:4 | Found a transporter.
 24657 | Shoals:4 | Reached XP level 17. HP: 178/178 MP: 16/16
 24683 | Shoals:4 | Identified the staff of cold "Buytosorr" {rF++ rC+ SInv}
 24838 | Shoals:4 | Got a barnacled rune of Zot
 25098 | Snake:1  | Entered Level 1 of the Snake Pit
 25128 | Snake:1  | Identified the +0 helmet of Good Intentions {*Corrode rC++
                  | rN+}
 25365 | Snake:1  | Noticed Aizul
 25370 | Snake:1  | Killed Aizul
 25816 | Snake:2  | Found Dohuar's Jewellery Emporium.
 26840 | Snake:3  | Noticed Jorgrun
 26847 | Snake:3  | Killed Jorgrun
 27054 | Snake:3  | Found Guitueb's General Store.
 27054 | Snake:3  | Found Vialon's Magic Scroll Boutique.
 27065 | Snake:3  | Bought a potion of heal wounds for 75 gold pieces
 27065 | Snake:3  | Bought a potion of lignification for 45 gold pieces
 27071 | Snake:3  | Bought a scroll of immolation for 56 gold pieces
 27155 | Snake:3  | Found Lupuer's Tiny Tomes.
 27256 | Snake:3  | Reached skill level 22 in Unarmed Combat
 27475 | Snake:4  | Entered Level 4 of the Snake Pit
 27790 | Snake:4  | Reached XP level 18. HP: 156/192 MP: 17/17
 27906 | Snake:4  | Got the Monograph on Rank Vicissitude
 27955 | Snake:4  | Noticed Bai Suzhen
 28009 | Snake:4  | Reached skill level 15 in Fighting
 28060 | Snake:4  | Killed Bai Suzhen
 28779 | Snake:4  | Got a serpentine rune of Zot
 28997 | Elf:1    | Entered Level 1 of the Elven Halls
 29054 | Elf:1    | Found a frozen archway.
 29081 | IceCv    | Entered an ice cave
 29140 | IceCv    | Reached skill level 23 in Unarmed Combat
 29951 | Elf:1    | Reached skill level 15 in Shields
 30153 | Elf:1    | Paralysed by an air elemental for 1 turns
 30154 | Elf:1    | You fall into a shaft and drop 1 floor!
 30163 | Elf:2    | Found Kockoqor's Antique Weapon Boutique.
 30463 | Elf:1    | Paralysed by an air elemental for 1 turns
 31161 | Elf:1    | Reached XP level 19. HP: 205/205 MP: 18/18
 31243 | Elf:1    | Learned a level 6 spell: Statue Form
 31263 | Elf:1    | Acquired 942 gold pieces
 31323 | Elf:2    | Found Naacob's Needful Niceties.
 31328 | Elf:2    | Found a runed translucent door.
 31328 | Elf:2    | Noticed bimbombam's ghost (adept HOFi)
 31345 | Elf:2    | Reached skill level 1 in Earth Magic
 31348 | Elf:2    | Reached skill level 1 in Transmutations
 31364 | Elf:2    | Killed bimbombam's ghost
 31379 | Elf:2    | Reached skill level 1 in Spellcasting
 31506 | Elf:2    | Paralysed by an air elemental for 1 turns
 31510 | Elf:2    | Found Fadaoves's Antique Weapon Emporium.
 31554 | Elf:2    | Found a runed translucent gate.
 31554 | Elf:2    | Found a runed translucent gate.
 31554 | Elf:2    | Found a runed translucent gate.
 32295 | Elf:2    | Found Mopnar's Antique Weapon Emporium.
 32308 | Elf:2    | Found Vunkief's Magic Scroll Shoppe.
 32349 | Elf:2    | Bought a scroll of teleportation for 42 gold pieces
 32349 | Elf:2    | Bought a scroll of magic mapping for 105 gold pieces
 32349 | Elf:2    | Bought a scroll of blinking for 105 gold pieces
 32461 | Elf:3    | Entered Level 3 of the Elven Halls
 33129 | Elf:3    | Paralysed by an air elemental for 1 turns
 33134 | Elf:3    | Paralysed by an air elemental for 1 turns
 33181 | Elf:3    | Paralysed by an air elemental for 1 turns
 33237 | Elf:3    | Reached skill level 5 in Earth Magic
 33790 | Elf:3    | Identified the +3 halberd of Akhor {pain, Will+}
 33915 | Elf:3    | Identified the +2 quarterstaff of Greatest Utility {spect,
                  | rF+ Int+3 Stlth+}
 34153 | Elf:3    | Reached skill level 5 in Transmutations
 34285 | Elf:3    | Identified the +5 halberd "Efuemede" {vamp, rPois rF+}
 34294 | Elf:3    | Identified the ring "Roujex" {Int+6 Dex+5}
 34471 | Elf:3    | Identified the +6 falchion of Qoextaim {venom, Fragile
                  | rCorr Dex+5 Stlth+}
 34480 | Elf:3    | Identified the +7 broad axe "Sarcophage" {protect, *Rage
                  | +Blink rElec rF+}
 34599 | Elf:3    | Identified the staff of conjuration "Iliaptid" {rF+ Str-5
                  | Int+3}
 34613 | Elf:3    | Identified the +0 dagger "Upieruis" {holy, rF- rC++ Str+3}
 34616 | Elf:3    | Got the Incunable of the Wyrd and Fulmination
 35054 | Vaults:1 | Entered Level 1 of the Vaults
 35070 | Vaults:1 | Reached XP level 20. HP: 213/214 MP: 23/23
 35632 | Vaults:1 | Noticed a golden dragon
 35642 | Vaults:1 | Slain by a vault warden

Illustrated notes

Levels and vault maps discovered:
D:1:      dpeg_arrival_pits, layout_basic
D:2:      layout_basic, nicolae_titane, uniq_terence
D:3:      minmay_door_path, layout_loops_ring, nicolae_overflow_crystal_walls,
          uniq_robin, uniq_jessica
D:4:      layout_basic, serial_shops, shop
D:5:      layout_basic, minmay_temple_entry_stoned_glass,
          chequers_decorated_corner, grunt_tough_drop
D:6:      layout_gridville, serial_shops, nicolae_shop_statue_plus
D:7:      old_forge, layout_layer_cave, uniq_crazy_yiuf_cottage
D:8:      layout_gridville, hellmonk_scale_shop
D:9:      layout_loops_cross, nicolae_hepliaklqana_monster_ancestors,
          nicolae_dithmenos_the_darkroom
D:10:     layout_small_grid, lair_entry_dummy, minivault_13, uniq_harold,
          uniq_erica, uniq_maggie
D:11:     minmay_inner_zag, layout_cross, david_orc_2
D:12:     layout_gridville, gammafunk_ghost_wrathful_warriors
D:13:     kennysheep_bubbly, layout_cave_pools, fedhas_ov_isle_minmay,
          uniq_rupert
D:14:     layout_basic, amethyst_killhole, gammafunk_ghost_abyssal_escape
D:15:     grunt_enter_depths_hoard, layout_irregular_city, xom_teletrap_fun
Temple:   nicolae_temple_bog_church
Lair:1:   layout_chaotic_city, serial_bayou_shore_a, uniq_sonja
Lair:2:   layout_regular_city
Lair:3:   layout_regular_city, nicolae_shoals_entry_flooding,
          guppyfry_snake_entry_garden, dreamdust_mushroom_princess
Lair:4:   layout_regular_city, slime_entry_1, st_stairs_5, forest_entry_grove
Lair:5:   hangedman_lair_in_review, layout_cave_pods, nicolae_lair_lil_pond,
          lemuel_fruit_tree
Shoals:1: layout_shoals, gammafunk_ghost_cemetery, serial_shops, shop,
          nicolae_shop_window_shopping, shop, nicolae_shoals_cliffside_cave
Shoals:2: layout_shoals, nicolae_shoals_mertower, uniq_donald, uniq_ilsuiw
Shoals:3: layout_shoals, ebering_ghost_xom
Shoals:4: shoals_end_grunt_ice, layout_shoals,
          gammafunk_ghost_berserking_beasts, serial_shops, shop
Snake:1:  layout_rooms, uniq_aizul
Snake:2:  layout_onion_interference, serial_shops,
          nicolae_shop_advertising_works [nicolae_subvault_shop_adworks],
          nicolae_snake_salamander_fort
Snake:3:  layout_onion, nicolae_shop_i_like_small_books_too,
          nicolae_snake_snake_lake, serial_bayou_ford_a, minmay_shoptagon,
          uniq_jorgrun
Snake:4:  snake_pit, layout_gridlike, nicolae_snake_magic_snake_eye,
          uniq_bai_suzhen
Orc:1:    layout_caves, elves_outpost_lemuel, uniq_josephine, uniq_snorg
Orc:2:    st_orc_elflike, layout_caves, chequers_guarded_unrand_ignorance
Elf:1:    elf_arrival_001, layout_geoelf_diagonals,
          portal_ice_cave_entry_pillars_three, evilmike_minifort
Elf:2:    elven_hall_of_blades_hangedman_original
          [nicolae_blade_entry_antechamber], layout_geoelf_diagonals,
          serial_shops, shop, shop, nicolae_shop_hallway_plus, shop,
          ebering_ghost_inner_flame, nicolae_alphabet_shops,
          amcnicky_mini_pool_small
Elf:3:    minmay_elf_hall_furrowed, layout_loops_corners, fountainhead,
          grunt_ministairs_13
Vaults:1: ontoclasm_vaults_twist, vaults_mumra_hex, dpeg_vaults_hating_casters,
          grunt_vaults_funnel, hangedman_vaults_stagger,
          nicolae_vaults_spaceships, v_misc_3, nicolae_vaults_shelves_hall,
          layout_vaults_chaotic_city

Skill      XL: |  1  2  3  4  5  6  7  8  9 10 11 12 13 14 15 16 17 18 19 20 |
---------------+-------------------------------------------------------------+-----
Unarmed Combat | 4 5 6 7 8 10 12 14 15 17 19 21 22 23 | 23.6
Fighting       | 3 4 5 6 7 8 9 11 12 13 14 16 | 16.3
Dodging        | 3 4 5 6 7 8 9 |  9.9
Shields        | 1 6 12 14 15 | 15.2
Earth Magic    | 7 8 |  8.2
Transmutations | 6 |  6.8
Spellcasting   | 3 |  3.3

Action                     |  1- 3 |  4- 6 |  7- 9 | 10-12 | 13-15 | 16-18 | 19-21 || total
---------------------------+-------+-------+-------+-------+-------+-------+-------++-------
  Melee: Unarmed           |    71 |   122 |   240 |   420 |  1065 |  1468 |   557 ||  3943
         Whip              |       |       |       |       |    11 |       |       ||    11
 Invoke: Serpent's Lash    |       |       |       |     5 |    12 |    26 |    17 ||    60
Ability: Whirlwind         |       |       |    32 |    74 |   303 |   308 |   106 ||   823
         Lunge             |       |       |    43 |    69 |   142 |   186 |    70 ||   510
  Evoke: Wand              |       |       |       |    11 |    13 |       |       ||    24
    Use: Scroll            |       |     4 |     7 |     6 |    10 |    10 |     4 ||    41
         Potion            |       |       |     1 |     3 |     3 |     3 |     6 ||    16
   Stab: Petrified         |       |       |       |       |     3 |       |       ||     3
         Sleeping          |       |       |       |       |       |     1 |       ||     1
 Armour: Robe              |    11 |     8 |    14 |    11 |    28 |    59 |    15 ||   146
         Acid dragon scale |       |       |       |    24 |    87 |       |       ||   111
         Skin              |       |       |       |    16 |    72 |       |       ||    88
  Dodge: Dodged            |    32 |    57 |   111 |   152 |   290 |   182 |    49 ||   873
  Block: Tower shield      |       |       |       |       |   278 |  1032 |   141 ||  1451
         Reflection        |       |       |       |       |       |   104 |    62 ||   166
         Kite shield       |       |       |       |       |       |       |   129 ||   129
